 Dungeon Crawl Stone Soup version 0.30-a0-1043-g60ff8d5f49 (webtiles) character file.

Game seed: 7277766749173389793

7 Zeldest the Sneak (level 1, 0/7 HPs)
             Began as a Felid Enchanter on Apr 10, 2023.
             Frozen to death by an endoplasm (4 damage)
             ... on level 1 of the Dungeon.
             The game lasted 00:00:40 (272 turns).

Zeldest the Sneak (Felid Enchanter)                  Turns: 272, Time: 00:00:41

Health: 0/7        AC:  1    Str:  4    XL:     1   Next: 91%
Magic:  4/4        EV: 17    Int: 16    God:
Gold:   4          SH:  0    Dex: 16    Spells: 4/4 levels left
                                        Lives:  0   Deaths: 0

rFire   . . .      SeeInvis +      - Unarmed
rCold   . . .      Faith    .    (shield unavailable)
rNeg    . . .      Spirit   .    (body armour unavailable)
rPois   .          Reflect  .    (helmet unavailable)
rElec   .          Rampage  .    (cloak unavailable)
rCorr   .                        (gloves unavailable)
Will    .....                    (boots unavailable)
Stlth   +++                      (no amulet)
HPRegen 0.21/turn                (no ring)
MPRegen 0.09/turn                (no ring)

@: quick
A: very small, claws 1, fangs 3, see invisible, speed 1, shaggy fur 1, stealthy
paws, no weapons or thrown items, no armour, multi-lived
a: no special abilities


You were on level 1 of the Dungeon.
You visited 1 branch of the dungeon, and saw 1 of its levels.

You collected 4 gold pieces.

Inventory:

Scrolls
 b - 2 scrolls of amnesia {unknown}
 c - a scroll of blinking {unknown}
Potions
 a - a potion of invisibility


   Skills:
 - Level 2.6 Dodging
 * Level 4.6 Stealth
 + Level 1.3 Unarmed Combat
 - Level 2.0 Spellcasting
 - Level 4.4 Hexes


You had 4 spell levels left.
You didn't know any spells.
Your spell library contained the following spells:

 Spells                   Type           Power      Damage    Failure   Level
 Confusing Touch          Hex            15%        N/A       11%         3
 Tukima's Dance           Hex            15%        N/A       11%         3
 Ensorcelled Hibernation  Hex/Ice        16%        N/A       13%         2
 Dazzling Flash           Conj/Hex       16%        N/A       26%         3
 Lesser Beckoning         Tloc           2%         N/A       30%         2
 Gell's Gravitas          Tloc           1%         N/A       52%         3
 Teleport Other           Tloc           1%         N/A       52%         3


Dungeon Overview and Level Annotations

Branches:
Dungeon (1/15) Zot: 5754

Altars:


Innate Abilities, Weirdness & Mutations

You have sharp claws.
You have razor-sharp teeth.
You have supernaturally acute eyesight. (SInv)
You cover ground quickly. (Speed+)
You are covered in fur. (AC +1)
Your paws help you pounce on unaware monsters.
You are incapable of wielding weapons or throwing items.
You cannot wear armour.
You gain extra lives every three experience levels.


Message History

You see here a +0 leather armour.
Found a ring mail.
You see here a +0 ring mail.
Found a rapier.
A rat comes into view.
A rat is nearby!
Found a fizzy yellow potion and a scroll labelled PYIMUV XAKYDESM.
An endoplasm comes into view.
Found a club.
Found 3 large rocks and a leather armour.
You see here a +0 rapier.
You barely miss the rat. The rat closely misses you.
You barely miss the rat. The rat barely misses you.
You closely miss the rat. The rat bites you.
You scratch the rat.
The rat is heavily wounded.
The rat closely misses you.
You scratch the rat but do no damage.
The rat is heavily wounded.
The rat misses you.
You closely miss the rat. You claw the rat.
You kill the rat!
Found a stone staircase leading down.
You start waiting.
Done waiting.
Found a stone staircase leading down.
You scratch the endoplasm.
The endoplasm is moderately wounded.
The endoplasm hits you.
You scratch the endoplasm.
The endoplasm is severely wounded.
The endoplasm hits you.
You are too injured to fight recklessly!
You are too injured to fight recklessly!
You barely miss the endoplasm.
The endoplasm is severely wounded.
The endoplasm freezes you.
You are frozen.
Ouch! That really hurt!
You die...

##.# #.# #.#
#.## ######
#..##
....>.####..##
##.....#....)##
#............?##
.......@.......#
.......J....†..#
.....!.........#
..........?....#
>...)..........#
#....[.....(..##
##.....#.....##
#############


You could see an endoplasm.

Vanquished Creatures
  A giant cockroach (D:1)
  3 jackals (D:1)
  A quokka (D:1)
  A rat (D:1)
6 creatures vanquished.

Notes
Turn   | Place    | Note
-------+----------+-------------------------------------------
     0 | D:1      | Zeldest the Felid Enchanter began the quest for the Orb.
     0 | D:1      | Reached XP level 1. HP: 7/7 MP: 4/4
   272 | D:1      | Frozen to death by an endoplasm

Illustrated notes

Levels and vault maps discovered:
D:1:      kennysheep_arrival_seaside, layout_rooms, shapermc_ecumenical_altar_gd

Action                     || total
---------------------------++-------
  Melee: Unarmed           ||    23
         Punch             ||     1
         Bite              ||     1
    Use: Potion            ||     1
   Stab: Invisible         ||     1
 Armour: Skin              ||     2
  Dodge: Dodged            ||    14

Table legend: (Time is in decaauts)
 A = Elapsed time spent in this place.
 B = Non-inter-level travel time spent in this place.
 C = Inter-level travel time spent in this place.
 D = Time resting spent in this place.
 E = Time spent auto-exploring this place.
 F = Levels seen in this place.
 G = Mean time per level.
                   A        B        C        D        E       F      G
               +--------+--------+--------+--------+--------+-----+--------+
         Total |    244 |    244 |      0 |    107 |     75 |   1 |  244.0 |
       Dungeon |    244 |    244 |      0 |    107 |     75 |   1 |  244.0 |
               +--------+--------+--------+--------+--------+-----+--------+

Top non-repeatable levels by time:
     D:1: 244 daAuts
